 Dungeon Sprint DCSS version 0.30-a0-469-g84de5afbc5 (webtiles) character file.

Game seed: 3490717340558574872

66 NinjaNoafa the Basher (level 3, -17/32 HPs)
             Began as an Armataur Warper on Dec 20, 2022.
             Was a Follower of Makhleb.
             Demolished by a deep elf knight
             ... wielding a +0 short sword
              (18 damage)
             ... while paralysed by an air elemental
             ... in the Dungeon (Sprint V: "Ziggurat Sprint").
             The game lasted 00:03:12 (254 turns).

NinjaNoafa the Basher (Armataur Warper)              Turns: 254, Time: 00:03:13

Health: -17/32     AC:  6    Str: 16      XL:     3   Next: 96%
Magic:  6/6        EV:  1    Int: 21      God:    Makhleb [*.....]
Gold:   0          SH:  0    Dex: 12 (15) Spells: 4/6 levels left

rFire   + . .      SeeInvis .    o - +10 dark maul {vorpal}
rCold   . . .      Faith    .    (shield currently unavailable)
rNeg    . . .      Spirit   .    B - +2 leather armour {rF+}
rPois   .          Reflect  .    (no helmet)
rElec   .          Harm     .    (no cloak)
rCorr   .          Roll     +    (no gloves)
Will    .....      NoTele   +    (no barding)
Stlth   +.........               (no amulet)
HPRegen 0.25/turn                v - +6 ring of intelligence
MPRegen 0.10/turn                t - +6 ring of dexterity

@: paralysed
A: large, rugged brown scales 3, deformed body, armoured tail, roll, long
tongue, awkward tongue
a: Renounce Religion


You were in the Dungeon.
You worshipped Makhleb.
Makhleb was aware of your devotion.
You visited 1 branch

Inventory:

Hand Weapons
 o - the +10 dark maul (weapon) {vorpal}
   (You found it in the Dungeon)

   It inflicts extra damage upon your enemies.
Missiles
 d - 7 boomerangs of dispersal (quivered)
Armour
 B - a +2 leather armour of fire resistance (worn)
Jewellery
 s - a ring of flight
 t - a +6 ring of dexterity (right hand)
 u - a +6 ring of dexterity
 v - a +6 ring of intelligence (left hand)
 w - a +6 ring of intelligence
 x - a +6 ring of strength
 y - a +6 ring of strength
Wands
 z - a wand of mindburst (7)
 A - a wand of acid (6)
Scrolls
 a - 4 scrolls of amnesia
 c - 5 scrolls of blinking
 p - 7 scrolls of fog
 q - 5 scrolls of identify
 r - 2 scrolls of fear
Potions
 e - 10 potions of curing
 f - 8 potions of heal wounds
 g - 6 potions of haste
 h - 7 potions of magic
 i - 3 potions of berserk rage
 j - 2 potions of brilliance
 k - 2 potions of invisibility
 l - 4 potions of resistance
 n - 5 potions of might
Miscellaneous
 m - a lightning rod (4/4)


   Skills:
 + Level 2.4 Fighting
 + Level 9.0 Maces & Flails
 - Level 0.8 Throwing
 + Level 1.2 Armour
 + Level 1.3 Dodging
 + Level 2.3 Spellcasting
 * Level 4.0 Translocations


You had 4 spell levels left.
You knew the following spells:

 Your Spells              Type           Power      Damage    Failure   Level
a - Blink                 Tloc           38%        N/A       4%          2

Your spell library contained the following spells:

 Spells                   Type           Power      Damage    Failure   Level
 Lesser Beckoning         Tloc           38%        N/A       10%         3
 Teleport Other           Tloc           19%        N/A       10%         3
 Vhi's Electric Charge    Tloc/Air       20%        N/A       22%         3
 Manifold Assault         Tloc           19%        N/A       32%         4


Dungeon Overview and Level Annotations

Branches:
Dungeon (1/1)

Altars:
Ashenzari
Cheibriados
Dithmenos
Elyvilon
Fedhas
Gozag
Hepliaklqana
Kikubaaqudgha
Makhleb
Nemelex Xobeh
Okawaru
Qazlal
Ru
Sif Muna
Trog
Uskayaw
Vehumet
Wu Jian
Xom
Yredelemnul
Zin
The Shining One
Jiyva
Lugonu

Annotations:
D 1 transporter


Innate Abilities, Weirdness & Mutations

You are completely covered in rugged brown scales. (AC +3, +7% HP)
Armour fits poorly on your strangely shaped body.
You have a long armoured tail.
You roll when moving toward enemies. (Rampage)
Your long tongue fully drains potion bottles. (2x potion effects)
Your tongue gives you trouble enunciating. (1.5x scroll delay)


Message History

The air elemental fires a burst of electricity at you.
The stunning burst hits you!
You suddenly lose the ability to move!
Ouch! That really hurt!
You can move again.
Found three items.
Found a transporter.
You slurp down every last drop of the 10 potions of heal wounds!
You feel much better.
The air elemental fires a burst of electricity at you.
The stunning burst hits you.
You shrug off the repeated paralysis!
Okay, then.
Aiming: Corrosive Bolt
Press: ? - help, Shift-Dir - straight line The bolt of acid hits the air elemental.
The acid corrodes the air elemental!
The air elemental is lightly damaged.
The bolt of acid misses the deep elf knight.
The bolt of acid hits the deep elf zephyrmancer!
The acid corrodes the deep elf zephyrmancer!
The deep elf zephyrmancer is moderately wounded.
The air elemental fires a burst of electricity at you.
The stunning burst hits you!
You shrug off the repeated paralysis!
The air elemental fires a burst of electricity at you.
The stunning burst hits you.
You shrug off the repeated paralysis!
The air elemental fires a burst of electricity at you.
The stunning burst hits you!
You shrug off the repeated paralysis!
* * * LOW HITPOINT WARNING * * *
You slurp down every last drop of the 9 potions of heal wounds!
You feel much better. The air elemental hits you.
You sock the deep elf knight!
The deep elf knight is lightly wounded.
The air elemental hits you but does no damage.
The air elemental fires a burst of electricity at you.
The stunning burst hits you.
You suddenly lose the ability to move!
The air elemental fires a burst of electricity at you.
The stunning burst hits you! The air elemental hits you.
The air elemental hits you!
* * * LOW HITPOINT WARNING * * *
The deep elf knight hits you with a +0 short sword!!
Ouch! That really hurt!
You die...

▓▓▓▓▓▓▓▓▓▓▓▓▓
▓.8©8.▓.8©8.▓
▓.=[!.▓.....▓
▓.....▓.[.).▓
▓.....▓.....▓
▓..e..▓.....▓
▓..Ee.▓..©..▓
▓..@..▓▓▓▓▓▓▓
▓▓▓▓▓▓▓


You could see a deep elf knight, a deep elf zephyrmancer (corroded) and an air
elemental (corroded).

Vanquished Creatures
  A quasit (D)
  An ufetubus (D)
2 creatures vanquished.

Notes
Turn   | Place    | Note
-------+----------+-------------------------------------------
     0 | D        | NinjaNoafa the Armataur Warper began the quest for the Orb.
     0 | D        | Reached XP level 1. HP: 18/18 MP: 3/3
     0 | D        | Found a shimmering blue altar of Sif Muna.
     0 | D        | Found a sacrificial altar of Ru.
     0 | D        | Found a bloodstained altar of Trog.
     0 | D        | Found a stormy altar of Qazlal.
     0 | D        | Found an iron altar of Okawaru.
     0 | D        | Found a sparkling altar of Nemelex Xobeh.
     0 | D        | Found a blossoming altar of Fedhas.
     0 | D        | Found the +6 Majin-Bo {vamp, MP+6 Int+6}
     0 | D        | Found the +27 heavy crossbow "Sniper" {vorpal, Acc+∞ SInv}
     0 | D        | Found the +10 dark maul {vorpal}
     0 | D        | Found the +15 Maxwell's patent armour {-Cast -Tele rElec
                  | Will+ rCorr}
     0 | D        | Found the +18 shield of the Gong {rElec rN+ Will+ EV-5}
     0 | D        | Found the +14 obsidian axe {vorpal, Mesm Drain Fly SInv}
     0 | D        | Found the +7 great mace "Firestarter" {inner flame, rF++}
     0 | D        | Found the +6 shillelagh "Devastator" {shatter}
     0 | D        | Found the +11 plutonium sword {Contam Stlth-}
     0 | D        | Found the +8 lance "Wyrmbane" {slay drac, rPois rF+ rC+
                  | AC+3}
     0 | D        | Found the +9 sword of Zonguldrok {reap}
     0 | D        | Found the +13 scythe of Curses {drain, Drain}
     0 | D        | Found the +5 sword of Power {vorpal}
     0 | D        | Found the +7 mace of Variability {chain chaos}
     0 | D        | Found the +7 Singing Sword {vorpal, sonic wave}
     0 | D        | Found the +8 storm bow {elec, penet}
     2 | D        | Found an ancient bone altar of Kikubaaqudgha.
     2 | D        | Found a transporter.
     2 | D        | Found a corrupted altar of Lugonu.
     2 | D        | Found a viscous altar of Jiyva.
     2 | D        | Found a burning altar of Makhleb.
     2 | D        | Found a hazy altar of Hepliaklqana.
     2 | D        | Found an opulent altar of Gozag.
    78 | D        | Reached skill level 8 in Maces & Flails
    78 | D        | Reached XP level 2. HP: 25/25 MP: 4/4
    78 | D        | Reached XP level 3. HP: 31/31 MP: 5/5
   145 | D        | Became a worshipper of Makhleb the Destroyer
   152 | D        | Entered arena 2.
   152 | D        | Found a transporter.
   158 | D        | Reached * piety under Makhleb
   159 | D        | Reached skill level 9 in Maces & Flails
   248 | D        | Learned a level 2 spell: Blink
   250 | D        | Entered arena 3.
   250 | D        | Noticed a deep elf zephyrmancer
   250 | D        | Noticed a deep elf knight
   250 | D        | Noticed an air elemental
   250 | D        | Found a transporter.
   250 | D        | Paralysed by an air elemental for 1 turns
   254 | D        | Paralysed by an air elemental for 1 turns
   254 | D        | HP: 1/32 [air elemental (10)]
   254 | D        | Demolished by a deep elf knight

Illustrated notes

Levels and vault maps discovered:
D:        sprint_v [room_start, room_1, room_2, room_3, room_4, room_5, room_6,
          room_7, room_8, room_9, room_10, room_11, room_12, room_13, room_14,
          room_15, room_16, room_17, room_18, room_19, room_20, room_21,
          room_22, room_23, room_24, room_25, room_26, room_27]

Skill      XL: |  1  2  3 |
---------------+----------+-----
Maces & Flails | 8 9 |  9.0
Fighting       | 2 |  2.4
Spellcasting   | 2 |  2.3
Translocations | 4 |  4.0
Throwing       | |  0.8
Armour         | |  1.2
Dodging        | |  1.3

Action                   || total
-------------------------++-------
Melee: Maul              ||     5
Evoke: Wand              ||     1
  Use: Potion            ||     3
Armor: Leather armour    ||    21
Dodge: Dodged            ||    18

Table legend: (Time is in decaauts)
 A = Elapsed time spent in this place.
 B = Non-inter-level travel time spent in this place.
 C = Inter-level travel time spent in this place.
 D = Time resting spent in this place.
 E = Time spent auto-exploring this place.
 F = Levels seen in this place.
 G = Mean time per level.
                   A        B        C        D        E       F      G
               +--------+--------+--------+--------+--------+-----+--------+
         Total |    257 |    232 |     25 |      0 |     81 |   1 |  257.0 |
       Dungeon |    257 |    232 |     25 |      0 |     81 |   1 |  257.0 |
               +--------+--------+--------+--------+--------+-----+--------+

Top non-repeatable levels by time:
       D: 257 daAuts
